Description

Same as original but with duplicate reactor removed.

Build Order

Get SALT Encoding   

  12  0:00  SCV  
  13  0:13  SCV  
  14  0:17  Supply Depot  
  14  0:25  SCV  
  14  0:27  Refinery  
  15  0:38  SCV  
  16  0:45  Barracks  
  16  0:50  SCV  
  17  1:04  SCV  
  18  1:16  SCV  
  19  1:32  Orbital Command  
  19  1:45  Reaper  
  20  1:52  Command Center  
  20  2:03  Factory  
  20  2:07  SCV  
  21  2:19  Barracks Reactor  
  21  2:22  Supply Depot  
  21  2:23  Refinery  
  21  2:24  SCV  
  22  2:36  SCV  
  23  2:48  Hellion  
  25  3:03  Orbital Command  
  25  3:04  Barracks Tech Lab  
  26  3:15  Factory  
  26  3:20  Armory  
  27  3:29  Hellion x2  
  36  4:05  Refinery x2  
  36  4:08  Engineering Bay  
  36  4:09  Terran Vehicle Weapons Level 1  
  38  4:19  Supply Depot  
  38  4:20  Barracks Reactor  
  38  4:27  Supply Depot, Hellion x2  
  46  4:39  Supply Depot  
  46  4:41  Siege Tank  
  49  4:49  Missile Turret x2  
  51  4:54  Hellion x2  
  55  5:08  Starport  
  58  5:36  Siege Tank, Hellion x2  
  58  5:37  Command Center  
  65  5:49  Viking  
  69  6:25  Siege Tank, Terran Vehicle Weapons Level 2, Hellion  
  76  6:26  Missile Turret  
  76  6:31  Armory  
  80  6:54  Missile Turret  
  80  6:57  Siege Tank  
  86  7:06  Missile Turret  
  86  7:15  Refinery x2  
  86  7:21  Orbital Command  
  88  7:29  Siege Tank  
  91  7:34  Command Center  
  91  7:35  Hi-Sec Auto Tracking  
  93  7:39  Missile Turret  
  93  7:42  Terran Vehicle And Ship Armor Level 1  
  95  7:53  Viking x2  
  101  8:01  Siege Tank  
  107  8:23  Viking x2  
  114  8:33  Siege Tank  
  112  9:05  Siege Tank  
  114  9:13  Viking x2  
  120  9:37  Siege Tank  
  123  9:41  Command Center  
  123  9:43  Viking x2  
  127  9:45  Factory  
  131  9:53  Factory  
  131  9:54  Command Center x3, Starport  
Spawning Tool Build Advisor. Get it on Overwolf

Go to:

Details

  • Created by: Rovado
  • Published on: Apr 21, 2019
  • Modified on: Apr 21, 2019
  • Patch: 4.7.1
Show
View Real Time Build Order
Export as new Build Order

Comments (0)

There are no comments. Be the first!

Create an account to comment!